AoeStats
← Jinx

Nomad

508357847Analyzed
4v4 RM · 11d ago on Sep 22, 2026· 98m 34s· 8 players
Game mode
Random Map
Map size
231×231
Population
200
Speed
Normal
Resources
Standard
Victory
Conquest
Starting age
Dark Age
Ending age
Imperial Age
RankedLock teamsTeams togetherTeam positionsShared explorationLock speedFull tech treeHidden civsTurbo modeCheats
Victory
Defeat
🇺🇸 Japanese · United States
982
+16
🇺🇸 Vietnamese · United States
979
+16
🇲🇽 Franks · Mexico
974
+17
🇺🇸 Vikings · United States
973
+17
🇺🇸 Koreans · United States
1113
-21
🇺🇸 Italians · United States
1016
-18
🇺🇸 Burgundians · United States
976
-16
🇻🇪 Khmer · Venezuela
852
-11
Jinx
5:33 Loom
14:15 Feudal Age
15:32 Wheelbarrow
14:42 Fishing Lines
14:56 Gold Mining
16:04 Arson
16:30 Man-at-Arms
17:05 Double-Bit Axe
17:37 Forging
17:29 Scale Mail Armor
22:33 Horse Collar
25:49 Castle Age
23:46 Stone Mining
26:09 Fletching
26:20 Padded Archer Armor
27:34 Bodkin Arrow
28:33 Stone Shaft Mining
28:41 Squires
30:21 Heavy Plow
31:02 Gillnets
31:48 Town Watch
32:23 Hand Cart
32:50 Bow Saw
32:37 Pikeman
35:23 Iron Casting
35:15 Elite Skirmisher
36:34 Thumb Ring
37:47 Ballistics
41:26 Imperial Age
39:28 Murder Holes
42:30 Leather Archer Armor
42:30 Chain Mail Armor
43:02 Siege Engineers
43:58 Chemistry
43:43 Crop Rotation
46:23 Paper Money
48:04 Two-Man Saw
47:08 Bracer
48:22 Imperial Skirmisher
48:30 Halberdier
56:00 Plate Mail Armor
56:01 Ring Archer Armor
56:23 Treadmill Crane
56:16 Elite Fire Lancer
57:35 Hoardings
62:21 Scale Barding Armor
63:43 Town Patrol
64:24 Elite Rattan Archer
69:47 Onager
96:23 Guilds
96:16 Caravan
Sgt. Shaftoe
8:53 Loom
15:08 Feudal Age
18:47 Castle Age
16:47 Stone Mining
17:55 Fishing Lines
18:49 Fletching
19:51 Medium Warships
26:02 Man-at-Arms
26:27 Gambesons
27:00 Arson
27:26 Long Swordsman
28:29 Bodkin Arrow
29:02 Squires
30:53 Wheelbarrow
30:04 Loom
30:04 Town Watch
31:11 Elite Skirmisher
32:04 Double-Bit Axe
32:14 Horse Collar
32:27 Gold Mining
33:46 Ballistics
37:42 Imperial Age
36:04 Yasama
36:27 Pikeman
38:12 Two-Handed Swordsman
38:18 Imperial Skirmisher
38:31 Halberdier
39:18 Gillnets
39:45 Bracer
39:46 Padded Archer Armor
39:46 Scale Mail Armor
39:56 Forging
39:11 Champion
40:34 Hand Cart
41:06 Conscription
42:52 Thumb Ring
43:43 Gold Shaft Mining
43:40 Heavy Warships
43:50 Chain Mail Armor
44:14 Kataparuto
45:15 Elite Samurai
56:06 Treadmill Crane
57:27 Chemistry
56:33 Siege Engineers
58:54 Bow Saw
62:49 Town Patrol
68:30 Heavy Plow
69:33 Two-Man Saw
68:52 Masonry
68:40 Murder Holes
76:37 Caravan
88:50 Fortified Wall
88:31 Guard Tower
95:19 Plate Mail Armor
95:25 Iron Casting
95:43 Keep
98:32 Spies/Treason
gbecerro
4:39 Loom
5:00 Loom
6:20 Loom
16:09 Feudal Age
16:58 Double-Bit Axe
20:03 Fishing Lines
21:52 Town Watch
23:35 Gold Mining
28:41 Castle Age
27:00 Horse Collar
28:10 Forging
28:05 Scale Barding Armor
28:43 Light Cavalry
30:02 Iron Casting
30:46 Chain Barding Armor
36:39 Bow Saw
42:18 Heavy Plow
ignacio.vgl
4:43 Loom
17:12 Feudal Age
17:40 Town Watch
18:10 Double-Bit Axe
22:29 Castle Age
20:25 Stone Mining
21:39 Gold Mining
23:39 Wheelbarrow
23:56 Bow Saw
24:50 Gold Shaft Mining
27:21 Town Patrol
27:28 Husbandry
31:13 Scale Barding Armor
33:06 Forging
35:14 Hand Cart
36:21 Ballistics
39:34 Imperial Age
38:15 Chain Barding Armor
38:56 Town Patrol
39:37 Cavalier
40:40 Conscription
42:05 Chemistry
41:01 Murder Holes
41:50 Hoardings
43:19 Paladin
44:03 Chivalry
46:44 Iron Casting
47:49 Plate Barding Armor
53:33 Pikeman
54:14 Squires
54:00 Gambesons
54:01 Arson
54:36 Caravan
66:42 Light Cavalry
67:31 Scale Mail Armor
68:32 Blast Furnace
67:23 Fletching
67:33 Padded Archer Armor
70:09 Onager
81:55 Halberdier
86:42 Chain Mail Armor
86:23 Bodkin Arrow
91:14 Fortified Wall
91:14 Masonry
91:10 Siege Engineers
92:56 Plate Mail Armor
92:42 Leather Archer Armor
94:57 Elite Skirmisher
94:58 Crossbowman
96:10 #83
95:38 Man-at-Arms
96:51 Elite Throwing Axeman
97:46 Demolition Ship
98:37 Medium Warships
98:12 Long Swordsman
AoeAuthority.com
5:34 Loom
13:04 Feudal Age
14:08 Fishing Lines
18:07 Fletching
22:25 Castle Age
22:47 Double-Bit Axe
22:56 Gold Mining
22:49 Crossbowman
29:39 Bodkin Arrow
31:16 Pikeman
33:59 Horse Collar
34:32 Bow Saw
35:19 Scale Mail Armor
42:00 Forging
48:51 Elite Skirmisher
54:57 Squires
54:43 Arson
63:15 Imperial Age
65:36 Imperial Age
66:33 Ballistics
74:52 Wheelbarrow
85:20 Wheelbarrow
Don_Pelayo_Covadonga
4:38 Loom
14:12 Feudal Age
14:39 Double-Bit Axe
15:52 Town Watch
19:27 Castle Age
17:23 Stone Mining
17:41 Padded Archer Armor
17:47 Scale Barding Armor
19:37 Fishing Lines
20:56 Wheelbarrow
20:34 Bow Saw
21:08 Fletching
21:50 Gold Mining
22:40 Medium Warships
22:28 Bodkin Arrow
23:52 Bodkin Arrow
26:03 Scale Barding Armor
28:37 Hand Cart
32:03 Leather Archer Armor
33:18 Ballistics
32:40 Treadmill Crane
39:26 Imperial Age
38:27 Stone Shaft Mining
39:38 Horse Collar
40:35 Conscription
40:35 Bracer
41:07 Ring Archer Armor
41:40 Chemistry
40:48 Heavy Plow
47:11 Thumb Ring
48:18 Light Cavalry
49:08 Bloodlines
48:23 Elite Genoese Crossbowman
50:58 Chain Barding Armor
50:40 Husbandry
50:34 Elite Skirmisher
53:00 Forging
54:12 Plate Barding Armor
53:56 Masonry
56:52 Iron Casting
57:37 Hoardings
71:40 Two-Man Saw
superfrank1114
4:19 Loom
9:15 Double-Bit Axe
10:02 Fishing Lines
14:44 Wheelbarrow
17:06 Feudal Age
16:45 Horse Collar
19:31 Bow Saw
23:54 Heavy Plow
30:40 Castle Age
29:42 Gold Mining
29:43 Stone Mining
37:53 Crop Rotation
38:32 Hand Cart
38:13 Town Watch
41:03 Fervor
43:36 Two-Man Saw
43:14 Gold Shaft Mining
43:14 Stone Shaft Mining
44:05 Fletching
44:29 Forging
43:48 Pikeman
45:44 Burgundian Vineyards
47:44 Squires
49:20 Iron Casting
52:09 Treadmill Crane
52:50 Ballistics
55:01 Bodkin Arrow
55:07 Padded Archer Armor
58:12 Husbandry
57:33 Cavalier
61:15 Imperial Age
58:50 Town Patrol
58:54 Scale Mail Armor
62:09 Scale Barding Armor
62:39 Paladin
64:38 Conscription
69:39 Chain Barding Armor
69:37 Chain Mail Armor
73:19 Blast Furnace
72:49 Plate Mail Armor
72:36 Leather Archer Armor
73:43 Fortified Wall
74:37 Chemistry
73:53 Capped Ram
75:54 Halberdier
77:01 Arson
78:31 Hoardings
77:29 Sappers
77:58 Murder Holes
90:59 Flemish Revolution
Uberre
4:21 Loom
14:48 Feudal Age
15:20 Double-Bit Axe
19:40 Castle Age
18:13 Horse Collar
19:56 Scale Barding Armor
20:33 Husbandry
20:44 Bloodlines
19:55 Light Cavalry
22:13 Bow Saw
22:39 Chain Barding Armor
26:07 Gold Mining
26:47 Heavy Plow
29:34 Wheelbarrow
29:06 Stone Mining
29:53 Gold Shaft Mining
33:02 Imperial Age
32:18 Hand Cart
31:48 Town Watch
32:29 Forging
33:02 Ballistics
34:06 Stone Shaft Mining
37:46 Town Patrol
38:03 Hussar
39:44 Plate Barding Armor
40:13 Double Crossbow
40:34 Conscription
41:58 Iron Casting
42:02 Crop Rotation
41:06 Heavy Scorpion
47:01 Chemistry
46:08 Siege Engineers
Connection lost

Rejoining the realm…

Still unreachable

The connection could not be restored.

Session expired

The server has moved on; the page needs a fresh start.